 Dungeon Crawl Stone Soup version 0.31-a0-705-ga145531891 (webtiles) character file.

Game seed: 7979870704557105292

149 Xavori the Sneak (level 5, -8/37 HPs)
             Began as an Octopode Chaos Knight on Sept 10, 2023.
             Was a Plaything of Xom.
             Mangled by Demosthentine's ghost (11 damage)
             ... on level 3 of the Dungeon.
             The game lasted 00:01:55 (4217 turns).

Xavori the Sneak (Octopode Chaos Knight)            Turns: 4217, Time: 00:01:56

Health: -8/37      AC:  1    Str: 13    XL:     5   Next: 31%
Magic:  14/14      EV: 14    Int: 11    God:    Xom [.....*]
Gold:   76         SH:  5    Dex: 21    Spells: 4/4 levels left

rFire   . . .        p - +5 short sword (venom)
rCold   . . .        q - +0 buckler
rNeg    . . .        (helmet restricted)
rPois   .            (no amulet)
rElec   .            m - ring of see invisible
rCorr   .            j - ring of magical power
SInv    +            (no ring)
Will    .....        (no ring)
Stlth   +++++        (no ring)
HPRegen 1.06/turn    (no ring)
MPRegen 0.14/turn    (no ring)
                     (no ring)

%: no passive effects
@: no status effects
A: almost no armour, amphibious, 8 rings, camouflage 1, gelatinous body 1,
nimble swimmer 1, tentacles, agile 2, passive freeze, regeneration 1, strong 1
a: Renounce Religion


You were on level 3 of the Dungeon.
You worshipped Xom.
You were Xom's teddy bear.
You visited 1 branch of the dungeon, and saw 3 of its levels.

You collected 197 gold pieces.
You spent 121 gold pieces at shops.

Inventory:

Hand Weapons
 a - a +0 short sword of chaos
 p - a +5 short sword of venom (weapon)
Armour
 q - a +0 buckler (worn)
Jewellery
 j - a ring of magical power (right tentacle)
 m - a ring of see invisible (left tentacle)
Scrolls
 b - a scroll of butterflies
 c - 2 scrolls of enchant weapon {unknown}
 d - 2 scrolls of poison {unknown}
 e - 2 scrolls of enchant armour {unknown}
 f - 3 scrolls of identify {unknown}
 l - a scroll of blinking {unknown}
 o - a scroll of teleportation {unknown}
Potions
 g - 2 potions of curing
 h - a potion of degeneration {unknown}
 i - a potion of mutation {unknown}
 k - a potion of attraction {unknown}
 n - a potion of magic {unknown}
 r - a potion of ambrosia {unknown}


   Skills:
 + Level 3.7 Fighting
 + Level 4.0 Short Blades
 + Level 2.8 Dodging
 + Level 4.2 Stealth


You had 4 spell levels left.
You didn't know any spells.
Your spell library contained the following spells:

 Spells                   Type           Power      Damage    Failure   Level
 Kiss of Death            Conj/Necr      0%         2d5       45%         1
 Scorch                   Fire           0%         2d5       58%         2
 Call Canine Familiar     Summ           0%         N/A       83%         3
 Confusing Touch          Hex            0%         N/A       83%         3
 Sigil of Binding         Hex            0%         N/A       83%         3
 Dimensional Bullseye     Hex/Tloc       0%         N/A       99%         4
 Dispel Undead            Necr           0%         3d6       99%         4
 Flame Wave               Conj/Fire      0%         2d4       99%         4
 Leda's Liquefaction      Hex/Erth       0%         N/A       99%         4
 Summon Cactus Giant      Summ           0%         N/A       100%        6


Dungeon Overview and Level Annotations

Branches:
Dungeon (3/15)

Altars:
Okawaru

Shops:
D:2 :   D:3 [

Annotations:
D:3 Demosthentine's ghost, amateur DsGl


Innate Abilities, Weirdness & Mutations

You cannot wear most types of armour.
You are amphibious.
You can wear up to eight rings at the same time.
Your skin changes colour to match your surroundings (Stealth+).
Your rubbery body absorbs attacks. (AC +1, EV +1)
You are camouflaged when in or above water. (Stealth+)
You have tentacles for arms and can constrict up to eight enemies at once.
You are very agile. (Dex +8, Str/Int -2)
A frigid envelope surrounds you and freezes all who hurt you.
Your natural rate of healing is unusually fast.
Your muscles are strong. (Str +4, Int/Dex -1)


Message History

Demosthentine's ghost is lightly damaged.
Demosthentine's ghost hits you!
Demosthentine's ghost is very cold.
Demosthentine's ghost is lightly damaged.
You barely miss Demosthentine's ghost.
Demosthentine's ghost is lightly damaged.
Demosthentine's ghost completely misses you.
You puncture Demosthentine's ghost!
Demosthentine's ghost is moderately damaged.
Demosthentine's ghost hits you.
Demosthentine's ghost is very cold.
Demosthentine's ghost is heavily damaged.
You barely miss Demosthentine's ghost.
Demosthentine's ghost is heavily damaged.
You hit Demosthentine's ghost but do no damage.
Your tentacle-slap misses Demosthentine's ghost.
Your squeeze misses Demosthentine's ghost.
Demosthentine's ghost is heavily damaged.
You block Demosthentine's ghost's attack.
You hit Demosthentine's ghost but do no damage.
Your squeeze misses Demosthentine's ghost.
Demosthentine's ghost is heavily damaged.
Demosthentine's ghost hits you!
Demosthentine's ghost is very cold.
Demosthentine's ghost is heavily damaged.
You barely miss Demosthentine's ghost.
Your tentacle-slap misses Demosthentine's ghost.
Demosthentine's ghost is heavily damaged.
Demosthentine's ghost hits you!
* * * LOW HITPOINT WARNING * * *
Demosthentine's ghost is very cold.
Demosthentine's ghost is severely damaged.
You hit Demosthentine's ghost but do no damage.
Demosthentine's ghost is severely damaged.
Demosthentine's ghost hits you.
* * * LOW HITPOINT WARNING * * *
Demosthentine's ghost is very cold.
Demosthentine's ghost is almost destroyed.
You hit Demosthentine's ghost.
You squeeze Demosthentine's ghost, but do no damage.
Demosthentine's ghost is almost destroyed.
Demosthentine's ghost hits you!
You die...

#########.#
#.#
#........# ##
#.#######.#
#........#
#.........#
#........#
###.#######
#........####
#.#
######.......
#.# ########
#.##########
#.#..#.....#
#....'@W~~?#
###..#.....#
##########


You could see Demosthentine's ghost.

Vanquished Creatures
  Terence (D:3)
  4 gnolls
  2 worms (D:2)
  3 dart slugs
  2 orcs (D:3)
  4 endoplasms
  4 giant cockroaches
  6 goblins
  9 hobgoblins
  5 quokkas
  9 ball pythons
  8 bats
  2 frilled lizards
  4 kobolds
  6 rats
69 creatures vanquished.

Notes
Turn   | Place    | Note
-------+----------+-------------------------------------------
     0 | D:1      | Xavori the Octopode Chaos Knight began the quest for the
                  | Orb.
     0 | D:1      | Reached XP level 1. HP: 16/16 MP: 1/1
   253 | D:1      | Reached XP level 2. HP: 21/21 MP: 2/2
   328 | D:1      | XOM: silly message
   460 | D:1      | XOM: cloud trail
  2290 | D:1      | XOM is BORED!
  2426 | D:1      | XOM: give mutations
  2426 | D:1      | Gained mutation: A frigid envelope surrounds you and
                  | freezes all who hurt you. [Xom's grace]
  2426 | D:1      | Gained mutation: You are agile. (Dex +4, Str/Int -1) [Xom's
                  | grace]
  2426 | D:1      | Gained mutation: You are very agile. (Dex +8, Str/Int -2)
                  | [Xom's grace]
  2426 | D:1      | Gained mutation: Your natural rate of healing is unusually
                  | fast. [Xom's grace]
  2663 | D:2      | Reached XP level 3. HP: 26/26 MP: 3/3
  2698 | D:2      | Found Vualafan's Book Shop.
  2792 | D:2      | Reached skill level 1 in Stealth
  3200 | D:2      | Reached XP level 4. HP: 31/31 MP: 4/4
  3253 | D:2      | XOM: give mutation
  3253 | D:2      | Gained mutation: Your muscles are strong. (Str +4, Int/Dex
                  | -1) [Xom's grace]
  3333 | D:2      | XOM: god gift: 6 stones
  3447 | D:2      | XOM: divination: magic mapping
  3615 | D:3      | Found a runed translucent door.
  3618 | D:3      | Noticed Demosthentine's ghost (amateur DsGl)
  3756 | D:3      | Noticed Terence
  3762 | D:3      | Killed Terence
  3763 | D:3      | Reached XP level 5. HP: 37/37 MP: 5/5
  3791 | D:3      | Found an iron altar of Okawaru.
  3870 | D:3      | Found Vangebin's Antique Armour Shop.
  3876 | D:3      | Bought a buckler for 121 gold pieces
  4217 | D:3      | Mangled by Demosthentine's ghost

Illustrated notes

Levels and vault maps discovered:
D:1:      scummos_arrival_simple_fountains, layout_loops_cross
D:2:      minmay_razor_zed, layout_loops_ring, serial_shops, shop
D:3:      layout_basic, kennysheep_okawaru_gauntlet, serial_shops,
          shop_fountains, ebering_ghost_reflecting_pool, grunt_decor_one_mirror,
          uniq_terence

Skill      XL: |  1  2  3  4 |
---------------+-------------+-----
Stealth        | 2 4 |  4.2
Short Blades   | 4 |  4.0
Fighting       | |  3.7
Dodging        | |  2.8

Action                     |  1- 3 |  4- 6 || total
---------------------------+-------+-------++-------
  Melee: Short sword       |    59 |    42 ||   101
         Constrict         |    11 |    12 ||    23
         Tentacles         |     2 |     9 ||    11
         Punch             |     1 |       ||     1
    Use: Potion            |     1 |       ||     1
   Stab: Sleeping          |    22 |     4 ||    26
         Distracted        |     1 |       ||     1
         Paralysed         |     1 |       ||     1
 Armour: Skin              |    11 |    22 ||    33
  Dodge: Dodged            |    20 |    27 ||    47
  Block: Buckler           |       |     2 ||     2

Table legend: (Time is in decaauts)
 A = Elapsed time spent in this place.
 B = Non-inter-level travel time spent in this place.
 C = Inter-level travel time spent in this place.
 D = Time resting spent in this place.
 E = Time spent auto-exploring this place.
 F = Levels seen in this place.
 G = Mean time per level.
                   A        B        C        D        E       F      G
               +--------+--------+--------+--------+--------+-----+--------+
         Total |   4201 |   4186 |     15 |   2021 |   1790 |   3 | 1400.3 |
       Dungeon |   4201 |   4186 |     15 |   2021 |   1790 |   3 | 1400.3 |
               +--------+--------+--------+--------+--------+-----+--------+

Top non-repeatable levels by time:
     D:1: 2598 daAuts
     D:2: 870 daAuts
     D:3: 733 daAuts
